| TOP OF THE 1ST |
|
Mobile BayBears batting - Pitching for Tennessee Smokies : LHP Jesse Fields
|
|
Pitching: LHP Jesse Fields
|
|
|
Batting: LHB Willie Gutierrez
|
0-0: Called Strike 0-1: Ball 1-1: Ground out 1-3 (Groundball, 34S, EV 68.1 MPH)
|
|
Batting: RHB Chris Bittner
|
0-0: Ball 1-0: Fly out, F8 (Flyball, 89S, EV 89.4 MPH)
|
|
Batting: RHB Andy Schuett
|
0-0: Ball 1-0: Foul Ball, location: 2F 1-1: Ground out 5-3 (Groundball, 56S, EV 79.4 MPH)
|
| Top of the 1st over - 0 runs, 0 hits, 0 errors, 0 left on base; Mobile 0 - Tennessee 0 |
| BOTTOM OF THE 1ST |
|
Tennessee Smokies batting - Pitching for Mobile BayBears : RHP Alex Apolinar
|
|
Pitching: RHP Alex Apolinar
|
|
|
Batting: RHB Heef Harted
|
0-0: Ball 1-0: Ball 2-0: Swinging Strike 2-1: SINGLE (Groundball, 56S, EV 64.4 MPH) (infield hit)
|
|
Batting: RHB Rich Thurman
|
0-0: Ball Heef Harted is caught stealing 2nd base 2-4 1-0: Ball 2-0: Ball 3-0: Base on Balls
|
|
Batting: RHB Bobby Gray
|
0-0: Ball 1-0: Foul Ball, location: 2F 1-1: Foul Ball, location: 2F 1-2: Ball Rich Thurman steals 2nd base 2-2: Strikes out swinging
|
|
Batting: RHB Sam Sours
|
0-0: Called Strike 0-1: Foul Ball, location: 2F 0-2: Strikes out swinging
|
| Bottom of the 1st over - 0 runs, 1 hit, 0 errors, 1 left on base; Mobile 0 - Tennessee 0 |
| TOP OF THE 2ND |
|
Mobile BayBears batting - Pitching for Tennessee Smokies : LHP Jesse Fields
|
|
Batting: RHB Franklin Villanueva
|
0-0: Ball 1-0: Fly out, F7 (Flyball, 7S, EV 71.9 MPH)
|
|
Batting: RHB Dustin Legault
|
0-0: Called Strike 0-1: Foul Ball, location: 2F 0-2: Ball 1-2: Ball 2-2: Ground out 4-3 (Groundball, 4, EV 86.2 MPH)
|
|
Batting: RHB Scott Carr
|
0-0: Ball 1-0: Ball 2-0: Ball 3-0: Base on Balls
|
|
Batting: RHB Yasuo Nakata
|
0-0: Called Strike 0-1: Ball 1-1: Foul Ball, location: 2F 1-2: Foul Ball, location: 2F 1-2: Ball 2-2: Foul Ball, location: 2F 2-2: SINGLE (Groundball, 6M, EV 109.4 MPH) (infield hit) Scott Carr to second
|
|
Pitching: RHP Jean-Paul Lefebvre
|
|
|
Batting: RHB Curt Barrett
|
0-0: Ball 1-0: Foul Ball, location: 2F 1-1: SINGLE (Groundball, 56D, EV 102.5 MPH) Scott Carr to third Yasuo Nakata to second Throwing error, E7 Scott Carr scores Yasuo Nakata to third Curt Barrett to second
|
|
Batting: LHB T.J. Duvall
|
0-0: Ball 1-0: Called Strike 1-1: Ball 2-1: Ball 3-1: Base on Balls
|
|
Batting: LHB Willie Gutierrez
|
0-0: Called Strike 0-1: Fly out, F9 (Flyball, 9LSF, EV 81.9 MPH)
|
| Top of the 2nd over - 1 run, 2 hits, 1 error, 3 left on base; Mobile 1 - Tennessee 0 |
| BOTTOM OF THE 2ND |
|
Tennessee Smokies batting - Pitching for Mobile BayBears : RHP Alex Apolinar
|
|
Batting: RHB Heitaro Tanaka
|
0-0: Swinging Strike 0-1: Called Strike 0-2: Ball 1-2: Strikes out swinging
|
|
Batting: RHB Ryan Walker
|
0-0: Foul Ball, location: 2F 0-1: Ball 1-1: Ball 2-1: Called Strike 2-2: Ball 3-2: Strikes out looking
|
|
Batting: LHB Mark Ingram
|
0-0: DOUBLE (Line Drive, 89D, EV 106.2 MPH)
|
|
Batting: RHB Khalil Stephens
|
0-0: Fly out, F9 (Flyball, 9D, EV 86.2 MPH)
|
| Bottom of the 2nd over - 0 runs, 1 hit, 0 errors, 1 left on base; Mobile 1 - Tennessee 0 |
| TOP OF THE 3RD |
|
Mobile BayBears batting - Pitching for Tennessee Smokies : RHP Jean-Paul Lefebvre
|
|
Batting: RHB Chris Bittner
|
0-0: Swinging Strike 0-1: Ball 1-1: Ball 2-1: Foul Ball, location: 2F 2-2: Strikes out looking
|
|
Batting: RHB Andy Schuett
|
0-0: Ball 1-0: Ball 2-0: Foul Ball, location: 2F 2-1: Foul Ball, location: 2F 2-2: Foul Ball, location: 2F 2-2: Ball 3-2: SINGLE (Groundball, 56S, EV 67.5 MPH) (infield hit)
|
|
Pitching: RHP Heriberto Esquivel
|
|
|
Batting: RHB Franklin Villanueva
|
0-0: Ball 1-0: Foul Ball, location: 2F 1-1: Called Strike Andy Schuett steals 2nd base 1-2: Ball 2-2: Ball 3-2: Base on Balls
|
|
Batting: RHB Dustin Legault
|
0-0: Ball 1-0: Foul Ball, location: 2F 1-1: Fly out, F8 (Flyball, 8RS, EV 85.6 MPH)
|
|
Pitching: RHP Mark Duffy
|
|
|
Batting: RHB Scott Carr
|
0-0: Fly out, F8 (Line Drive, 8LM, EV 101.9 MPH)
|
| Top of the 3rd over - 0 runs, 1 hit, 0 errors, 2 left on base; Mobile 1 - Tennessee 0 |
| BOTTOM OF THE 3RD |
|
Tennessee Smokies batting - Pitching for Mobile BayBears : RHP Alex Apolinar
|
|
Batting: RHB Dylan Burke
|
0-0: Called Strike 0-1: Foul Ball, location: 2F 0-2: Ball 1-2: Ball 2-2: Foul Ball, location: 2F 2-2: Ball 3-2: SINGLE (Groundball, 6D, EV 94.4 MPH)
|
|
Batting: RHB Heef Harted
|
0-0: SINGLE (Groundball, 6D, EV 110.6 MPH) Dylan Burke to second
|
|
Batting: RHB Rich Thurman
|
0-0: Ball 1-0: Called Strike 1-1: Foul Ball, location: 2F 1-2: Foul Ball, location: 2F 1-2: Ball 2-2: Foul Ball, location: 2F 2-2: Foul Ball, location: 2F 2-2: SINGLE (Groundball, 34D, EV 95.6 MPH) Dylan Burke to third Heef Harted to second
|
|
Batting: RHB Bobby Gray
|
0-0: Called Strike 0-1: Swinging Strike 0-2: Strikes out swinging
|
|
Batting: RHB Sam Sours
|
0-0: Called Strike 0-1: Swinging Strike 0-2: Foul Ball, location: 2F 0-2: Strikes out swinging
|
|
Batting: RHB Heitaro Tanaka
|
0-0: Ball 1-0: Fly out, F9 (Flyball, 9, EV 89.4 MPH)
|
| Bottom of the 3rd over - 0 runs, 3 hits, 0 errors, 3 left on base; Mobile 1 - Tennessee 0 |
| TOP OF THE 4TH |
|
Mobile BayBears batting - Pitching for Tennessee Smokies : RHP Mark Duffy
|
|
Batting: RHB Yasuo Nakata
|
0-0: Ball 1-0: Ball 2-0: Foul Ball, location: 2F 2-1: Foul Ball, location: 2F 2-2: Strikes out swinging
|
|
Batting: RHB Curt Barrett
|
0-0: Ball 1-0: Called Strike 1-1: Swinging Strike 1-2: Ball 2-2: Strikes out looking
|
|
Batting: LHB T.J. Duvall
|
0-0: Ball 1-0: Foul Ball, location: 2F 1-1: Ball 2-1: SOLO HOME RUN (Flyball, 78XD, EV 111.2 MPH), Distance : 417 ft
|
|
Batting: LHB Willie Gutierrez
|
0-0: Foul Ball, location: 2F 0-1: Ball 1-1: SINGLE (Groundball, 13S, EV 69.4 MPH) (infield hit)
|
|
Pitching: RHP Bob Gilliam
|
|
|
Batting: RHB Chris Bittner
|
0-0: Ball 1-0: Ball 2-0: Called Strike Willie Gutierrez steals 2nd base 2-1: TRIPLE (Line Drive, 8RXD, EV 108.8 MPH) Willie Gutierrez scores
|
|
Batting: RHB Andy Schuett
|
0-0: Called Strike 0-1: Ball 1-1: Ball 2-1: Fly out, F7 (Line Drive, 7, EV 104.4 MPH)
|
| Top of the 4th over - 2 runs, 3 hits, 0 errors, 1 left on base; Mobile 3 - Tennessee 0 |
| BOTTOM OF THE 4TH |
|
Tennessee Smokies batting - Pitching for Mobile BayBears : RHP Alex Apolinar
|
|
Batting: RHB Ryan Walker
|
0-0: Ball 1-0: Fly out, F8 (Flyball, 8LXD, EV 105.6 MPH)
|
|
Batting: LHB Mark Ingram
|
0-0: Called Strike 0-1: Called Strike 0-2: Foul Ball, location: 2F 0-2: Ground out 4-3 (Groundball, 4M, EV 81.9 MPH)
|
|
Batting: RHB Khalil Stephens
|
0-0: Called Strike 0-1: Ball 1-1: Called Strike 1-2: Ball 2-2: Strikes out swinging
|
| Bottom of the 4th over - 0 runs, 0 hits, 0 errors, 0 left on base; Mobile 3 - Tennessee 0 |
| BOTTOM OF THE 5TH |
|
Tennessee Smokies batting - Pitching for Mobile BayBears : RHP Alex Apolinar
|
|
Batting: RHB Dylan Burke
|
0-0: Foul Ball, location: 2F 0-1: Swinging Strike 0-2: Strikes out swinging
|
|
Batting: RHB Heef Harted
|
0-0: Ball 1-0: Ball 2-0: Ball 3-0: Foul Ball, location: 2F 3-1: Swinging Strike 3-2: Strikes out looking
|
|
Batting: RHB Rich Thurman
|
0-0: Ball 1-0: Called Strike 1-1: Swinging Strike 1-2: Foul Ball, location: 2F 1-2: Ball 2-2: Strikes out swinging
|
| Bottom of the 5th over - 0 runs, 0 hits, 0 errors, 0 left on base; Mobile 4 - Tennessee 0 |
| TOP OF THE 6TH |
|
Mobile BayBears batting - Pitching for Tennessee Smokies : LHP Colin Scott
|
|
Batting: RHB Chris Bittner
|
0-0: Ground out 5-3 (Groundball, 56, EV 88.1 MPH)
|
|
Pitching: RHP Eric Allen
|
|
|
Batting: RHB Andy Schuett
|
0-0: Foul Ball, location: 2F 0-1: Called Strike 0-2: Ball 1-2: Strikes out swinging
|
|
Batting: RHB Franklin Villanueva
|
0-0: Ball 1-0: Swinging Strike 1-1: Called Strike 1-2: Ball 2-2: Ball 3-2: Foul Ball, location: 2F 3-2: SINGLE (Groundball, 56, EV 105.0 MPH) (infield hit)
|
|
Batting: RHB Dustin Legault
|
0-0: Ball 1-0: Ball 2-0: Ball 3-0: Called Strike 3-1: Base on Balls Franklin Villanueva to second
|
|
Batting: RHB Scott Carr
|
0-0: Ball 1-0: Called Strike 1-1: Ball 2-1: Ball 3-1: Base on Balls Franklin Villanueva to third Dustin Legault to second
|
|
Pitching: RHP Karl Stuart
|
|
|
Batting: RHB Yasuo Nakata
|
0-0: Swinging Strike 0-1: Ball 1-1: SINGLE (Groundball, 56S, EV 69.4 MPH) (infield hit) Franklin Villanueva scores Dustin Legault to third Scott Carr to second
|
|
Batting: RHB Curt Barrett
|
0-0: Swinging Strike 0-1: DOUBLE (Line Drive, 3D, EV 96.2 MPH) Dustin Legault scores Scott Carr scores Yasuo Nakata to third Runner from 3rd tries for Home, throw by RF and OUT! 9-4-2
|
| Top of the 6th over - 3 runs, 3 hits, 0 errors, 1 left on base; Mobile 7 - Tennessee 0 |
| BOTTOM OF THE 6TH |
|
Tennessee Smokies batting - Pitching for Mobile BayBears : RHP Alex Apolinar
|
|
Batting: RHB Bobby Gray
|
0-0: Ball 1-0: SINGLE (Groundball, 56D, EV 98.1 MPH)
|
|
Batting: RHB Sam Sours
|
0-0: Hit by Pitch Bobby Gray to second
|
|
Batting: RHB Heitaro Tanaka
|
0-0: Ball 1-0: Ball 2-0: Ball 3-0: Called Strike 3-1: Foul Ball, location: 2F 3-2: SINGLE (Line Drive, 8RS, EV 110.0 MPH) Bobby Gray to third Sam Sours to second
|
|
Batting: RHB Ryan Walker
|
0-0: Foul Ball, location: 2F 0-1: Fly out, F8 (Flyball, 8RD, EV 90.0 MPH)
|
|
Batting: LHB Mark Ingram
|
0-0: Ball 1-0: Fly out, F9 (Flyball, 9D, EV 105.6 MPH) Runner from 3rd tags up, SCORES, no throw by RF Sam Sours to third
|
|
Batting: RHB Khalil Stephens
|
0-0: Ground out 4-3 (Groundball, 4, EV 86.9 MPH)
|
| Bottom of the 6th over - 1 run, 2 hits, 0 errors, 2 left on base; Mobile 7 - Tennessee 1 |
| TOP OF THE 7TH |
|
Mobile BayBears batting - Pitching for Tennessee Smokies : RHP Karl Stuart
|
|
Batting: LHB T.J. Duvall
|
0-0: Ball 1-0: Ball 2-0: Called Strike 2-1: SINGLE (Line Drive, 78S, EV 99.4 MPH)
|
|
Batting: LHB Willie Gutierrez
|
0-0: SINGLE (Line Drive, 89M, EV 100.6 MPH) T.J. Duvall to second
|
|
Batting: RHB Chris Bittner
|
0-0: Called Strike 0-1: Called Strike 0-2: 3-RUN HOME RUN (Flyball, 78XD, EV 106.9 MPH), Distance : 425 ft
|
|
Batting: RHB Andy Schuett
|
0-0: SINGLE (Groundball, 6S, EV 68.8 MPH) (infield hit)
|
|
Batting: RHB Franklin Villanueva
|
0-0: Ball 1-0: DOUBLE (Flyball, 8LXD, EV 108.1 MPH) Andy Schuett to third
|
|
Batting: RHB Dustin Legault
|
0-0: Ball 1-0: Ball 2-0: Fly out, F4 (Popup, 4, EV 73.8 MPH)
|
|
Pitching: RHP Josh Deyo
|
|
|
Batting: RHB Scott Carr
|
0-0: Ball 1-0: Ball 2-0: Foul Ball, location: 2F 2-1: Called Strike 2-2: SINGLE (Line Drive, 7LS, EV 106.9 MPH) Andy Schuett scores Franklin Villanueva to third
|
|
Batting: RHB Yasuo Nakata
|
0-0: Foul Ball, location: 2F 0-1: Called Strike 0-2: Ball 1-2: Strikes out swinging
|
|
Batting: RHB Curt Barrett
|
0-0: Called Strike 0-1: Called Strike 0-2: Strikes out swinging
|
| Top of the 7th over - 4 runs, 6 hits, 0 errors, 2 left on base; Mobile 11 - Tennessee 1 |
| BOTTOM OF THE 7TH |
|
Tennessee Smokies batting - Pitching for Mobile BayBears : RHP Alex Apolinar
|
|
Batting: RHB Dylan Burke
|
0-0: Called Strike 0-1: Ball 1-1: Ground out 6-3 (Groundball, 6, EV 93.8 MPH)
|
|
Pitching: RHP Manuel Maldonado
|
|
|
Batting: RHB Heef Harted
|
0-0: Ball 1-0: Ball 2-0: Called Strike 2-1: Ball 3-1: Base on Balls
|
|
Batting: RHB Rich Thurman
|
0-0: Called Strike 0-1: Ball 1-1: Ball 2-1: Foul Ball, location: 2F 2-2: Strikes out swinging
|
|
Batting: RHB Bobby Gray
|
0-0: Ball 1-0: Called Strike Heef Harted steals 2nd base (no throw) 1-1: Foul Ball, location: 2F 1-2: Ball 2-2: Ball 3-2: SINGLE (Groundball, 56D, EV 100.6 MPH) Heef Harted to third Runner from 3rd tries for Home, SAFE, throw by LF to home
|
|
Batting: RHB Sam Sours
|
0-0: Swinging Strike 0-1: Ball 1-1: Ball 2-1: Fly out, F8 (Flyball, 8RXD, EV 85.0 MPH)
|
| Bottom of the 7th over - 1 run, 1 hit, 0 errors, 1 left on base; Mobile 11 - Tennessee 2 |
| TOP OF THE 8TH |
|
Mobile BayBears batting - Pitching for Tennessee Smokies : RHP Josh Deyo
|
|
Batting: LHB T.J. Duvall
|
0-0: Ball 1-0: SINGLE (Line Drive, 3D, EV 109.4 MPH)
|
|
Batting: LHB Willie Gutierrez
|
0-0: Ball 1-0: Ball 2-0: Swinging Strike 2-1: Foul Ball, location: 2F 2-2: Ball 3-2: Strikes out looking T.J. Duvall steals 2nd base Batter strikes out.
|
|
Pitching: LHP Mike Alexander
|
|
|
Batting: RHB Chris Bittner
|
0-0: Ball 1-0: Called Strike 1-1: Ball 2-1: Swinging Strike 2-2: Foul Ball, location: 2F 2-2: Foul Ball, location: 2F 2-2: Ball 3-2: Foul Ball, location: 2F 3-2: Foul Ball, location: 2F 3-2: 2-RUN HOME RUN (Flyball, 7LD, EV 94.4 MPH), Distance : 343 ft
|
|
Batting: RHB Andy Schuett
|
0-0: Ball 1-0: Called Strike 1-1: Foul Ball, location: 2F 1-2: Foul Ball, location: 2F 1-2: Strikes out swinging
|
|
Batting: RHB Franklin Villanueva
|
0-0: SINGLE (Groundball, 4MD, EV 103.1 MPH) (infield hit)
|
|
Batting: RHB Dustin Legault
|
0-0: Called Strike 0-1: Fielders Choice at 2nd, 6-4 (Groundball, 6, EV 91.2 MPH)
|
| Top of the 8th over - 2 runs, 3 hits, 0 errors, 1 left on base; Mobile 13 - Tennessee 2 |
| BOTTOM OF THE 8TH |
|
Tennessee Smokies batting - Pitching for Mobile BayBears : RHP Manuel Maldonado
|
|
Batting: RHB Heitaro Tanaka
|
0-0: Ball 1-0: Ball 2-0: SINGLE (Flyball, 8RS, EV 91.2 MPH)
|
|
Pitching: RHP Nate Bixler
|
|
|
Batting: RHB Ryan Walker
|
0-0: Fly out, F6 (Line Drive, 6, EV 70.0 MPH) Lined into DP, 6-3 (Line Drive, 6, EV 71.9 MPH)
|
|
Batting: LHB Mark Ingram
|
0-0: Ball 1-0: Called Strike 1-1: Ball 2-1: Called Strike 2-2: Strikes out looking
|
| Bottom of the 8th over - 0 runs, 1 hit, 0 errors, 0 left on base; Mobile 13 - Tennessee 2 |
| TOP OF THE 9TH |
|
Mobile BayBears batting - Pitching for Tennessee Smokies : LHP Mike Alexander
|
|
Batting: RHB Scott Carr
|
0-0: Swinging Strike 0-1: Foul Ball, location: 2F 0-2: Strikes out swinging
|
|
Batting: RHB Yasuo Nakata
|
0-0: Called Strike 0-1: Ball 1-1: Ball 2-1: Called Strike 2-2: Ball 3-2: Strikes out swinging
|
|
Batting: RHB Curt Barrett
|
0-0: Called Strike 0-1: Ball 1-1: DOUBLE (Line Drive, 89XD, EV 103.8 MPH)
|
|
Batting: LHB T.J. Duvall
|
0-0: Ball 1-0: Foul Ball, location: 2F 1-1: Swinging Strike 1-2: Ball 2-2: Ball 3-2: Foul Ball, location: 2F 3-2: Strikes out swinging, 2-3 out at first.
|
| Top of the 9th over - 0 runs, 1 hit, 0 errors, 1 left on base; Mobile 13 - Tennessee 2 |
| BOTTOM OF THE 9TH |
|
Tennessee Smokies batting - Pitching for Mobile BayBears : RHP Nate Bixler
|
|
Batting: RHB Khalil Stephens
|
0-0: Called Strike 0-1: Foul Ball, location: 2F 0-2: Foul Ball, location: 2F 0-2: Foul Ball, location: 2F 0-2: Strikes out swinging, 2-3 out at first.
|
|
Batting: RHB Dylan Burke
|
0-0: Ball 1-0: Swinging Strike 1-1: Foul Ball, location: 2F 1-2: Strikes out swinging
|
|
Batting: RHB Heef Harted
|
0-0: Swinging Strike 0-1: Ball 1-1: Foul Ball, location: 2F 1-2: Foul Ball, location: 2F 1-2: Foul Ball, location: 2F 1-2: Ball 2-2: Foul Ball, location: 2F 2-2: Ball 3-2: Strikes out looking
|
| Bottom of the 9th over - 0 runs, 0 hits, 0 errors, 0 left on base; Mobile 13 - Tennessee 2 |
|